 Dungeon Crawl Stone Soup version 0.19-a0-583-g665d810 (webtiles) character file.

660 TheGoonsmith the Firebug (level 7, -2/41 HPs)
             Began as an Octopode Fire Elementalist on June 9, 2016.
             Was an Initiate of Vehumet.
             Slain by Duvessa
             ... wielding a +2 rapier of venom
              (19 damage)
             ... on level 4 of the Dungeon.
             The game lasted 00:06:20 (3444 turns).

TheGoonsmith the Firebug (OpFE)                     Turns: 3444, Time: 00:06:20

Health: -2/41      AC:  1    Str:  8    XL:     7   Next: 56%
Magic:  1/10       EV: 12    Int: 19    God:    Vehumet [......]
Gold:   237        SH:  0    Dex: 12    Spells: 3 memorised, 2 levels left

rFire  + . .     SeeInvis .     m - +3 short sword (venom)
rCold  . . .     Gourm    .     (no shield)
rNeg   . . .     Faith    .     (helmet restricted)
rPois  .         Spirit   .     (no amulet)
rElec  .         Dismiss  .     t - ring of protection from fire
rCorr  .         Reflect  .     (no ring)
SustAt .         Harm     .     (no ring)
MR     .....                    (no ring)
Stlth  +++.......               (no ring)
                                (no ring)
                                (no ring)
                                (no ring)

@: lethally poisoned (-2 -> -19), not resistant to hostile enchantments, fairly
stealthy
A: almost no armour, amphibious, 8 rings, constrict 8, camouflage 1, gelatinous
body 1
a: Renounce Religion


You were on level 4 of the Dungeon.
You worshipped Vehumet.
Vehumet was noncommittal.
You were very hungry.

You visited 1 branch of the dungeon, and saw 4 of its levels.

You collected 237 gold pieces.

Inventory:

Hand Weapons
 h - a +0 whip
 i - a +1 short sword of protection
 m - a +3 short sword of venom (weapon)
Armour
 n - a +0 buckler
Jewellery
 t - a ring of protection from fire (left tentacle)
Wands
 j - a wand of heal wounds (8/9)
 q - a wand of teleportation (2/9)
 s - a wand of lightning (7/15)
 v - a wand of flame (22/48)
Scrolls
 f - 3 scrolls of teleportation
 g - 3 scrolls of recharging
 w - a scroll of remove curse
Potions
 c - a potion of might {unknown}
 d - 2 potions of ambrosia
 e - 2 potions of agility
 k - a potion of magic {unknown}
 l - a potion of brilliance {unknown}
 p - a potion of haste {unknown}
 r - a potion of curing {unknown}
 x - a potion of cancellation {unknown}
Books
 a - a book of Flames

   Spells                             Type                      Level
   a - Flame Tongue                   Conjuration/Fire             1
   b - Throw Flame                    Conjuration/Fire             2
   c - Conjure Flame                  Conjuration/Fire             3
   d - Inner Flame                    Hexes/Fire                   3
   e - Sticky Flame                   Conjuration/Fire             4
   f - Fireball                       Conjuration/Fire             5
Comestibles
 b - 4 bread rations
 o - a meat ration


   Skills:
 - Level 2.0 Dodging
 - Level 2.6 Stealth
 - Level 2.0 Spellcasting
 + Level 5.8 Conjurations
 - Level 6.2 Fire Magic


You had 2 spell levels left.
You knew the following spells:

 Your Spells              Type           Power        Failure   Level  Hunger
a - Flame Tongue          Conj/Fire      ###..        1%          1    #......
c - Conjure Flame         Conj/Fire      ###.....     4%          3    ###....
s - Sticky Flame          Conj/Fire      ###.....     14%         4    #####..


Dungeon Overview and Level Annotations

Branches:
Dungeon (4/15)
 Temple: D:4-7

Altars:
Vehumet

Annotations:
D:4 Duvessa


Innate Abilities, Weirdness & Mutations

You cannot wear most types of armour.
You are amphibious.
You can wear up to eight rings at the same time.
You can use your tentacles to constrict eight enemies at once.
Your skin changes colour to match your surroundings (Stealth+).
Your rubbery body absorbs attacks. (AC +1)


Message History

Duvessa is lightly wounded.
Duvessa is covered in liquid flames!
You are feeling very hungry.
You feel sick.
Duvessa burns!
Duvessa closely misses you.
Casting: Sticky Flame
Confirm with . or Enter, or press ? or * to list all spells.
Aiming: Flame Tongue
Press: ? - help, Shift-Dir - straight line, f/p - Duvessa
Aim: Duvessa, wielding a rapier of venom (moderately wounded, berserk, fast, unusually strong, covered in liquid flames)
The flame tongue hits Duvessa.
Duvessa is moderately wounded.
You feel sick.
Duvessa burns!
Duvessa hits you with a rapier of venom!
You are lethally poisoned!
You hit Duvessa.
Duvessa is poisoned.
Your grab misses Duvessa. You squeeze Duvessa.
Duvessa is heavily wounded.
You feel sick.
Duvessa burns!
Duvessa hits you with a rapier of venom!!
You die...

....>####...###..#
###### #.....#...#
#.#..#.#..#
###...##.##.#
#.....#...#.#
#.#.#..###..#
#.#.#.#...#.#
#.#...##.##.#
#.###..#.#.@# #.
#..###e.# #.
##......# ?.
..###.# #.## #!#
!. #.# # #.# ..#


You could see Duvessa (berserk).

Vanquished Creatures
  Menkaure (D:4)
  Purgy (D:3)
  2 phantoms (D:4)
  Dowan (D:4)
  Crazy Yiuf (D:2)
  Jessica (D:1)
  Terence (D:3)
  Natasha (twice) (D:2)
  2 adders
  An ooze (D:3)
  2 worms
  An adder skeleton (D:4)
  3 dart slugs
  A giant gecko (D:3)
  An orc (D:4)
  4 giant cockroaches
  8 goblins
  3 hobgoblins
  4 jackals
  6 kobolds
  A quokka (D:3)
  3 bats
  A giant gecko skeleton (D:4)
  5 giant newts
  7 rats
63 creatures vanquished.

Vanquished Creatures (others)
  2 fungi (D:2)
2 creatures vanquished.

Grand Total: 65 creatures vanquished

Notes
Turn   | Place    | Note
--------------------------------------------------------------
     0 | D:1      | TheGoonsmith the Octopode Fire Elementalist began the quest for the Orb.
     0 | D:1      | Reached XP level 1. HP: 11/11 MP: 3/3
   111 | D:1      | Reached XP level 2. HP: 17/17 MP: 0/5
   557 | D:2      | Noticed Jessica
   569 | D:1      | Killed Jessica
   569 | D:1      | Reached XP level 3. HP: 18/21 MP: 0/6
   801 | D:2      | Noticed Natasha
   814 | D:2      | Killed Natasha
   814 | D:2      | Reached XP level 4. HP: 13/27 MP: 1/7
  1117 | D:2      | Noticed Natasha
  1127 | D:2      | Killed Natasha
  1394 | D:2      | Noticed Crazy Yiuf
  1407 | D:2      | Killed Crazy Yiuf
  1407 | D:2      | Reached XP level 5. HP: 18/31 MP: 2/8
  1636 | D:3      | Noticed Purgy
  1778 | D:2      | Learned a level 3 spell: Conjure Flame
  1783 | D:2      | Learned a level 4 spell: Sticky Flame
  1790 | D:3      | Reached skill level 5 in Conjurations
  1969 | D:3      | Killed Purgy
  1969 | D:3      | Reached skill level 4 in Fire Magic
  1969 | D:3      | Reached XP level 6. HP: 12/36 MP: 0/9
  2206 | D:3      | Noticed Terence
  2217 | D:3      | Killed Terence
  2233 | D:3      | Found a radiant altar of Vehumet.
  2250 | D:3      | Became a worshipper of Vehumet
  2823 | D:4      | Noticed a phantom
  3077 | D:4      | Killed a phantom
  3077 | D:4      | Reached skill level 5 in Fire Magic
  3241 | D:4      | Noticed Menkaure
  3252 | D:4      | Killed Menkaure
  3252 | D:4      | Reached skill level 6 in Fire Magic
  3252 | D:4      | Reached XP level 7. HP: 41/41 MP: 3/10
  3436 | D:4      | Noticed Dowan
  3438 | D:4      | Noticed Duvessa
  3441 | D:4      | Killed Dowan
  3444 | D:4      | Slain by Duvessa

Vault maps used:
D:1:      roderic_dead_forest
D:2:      uniq_crazy_yiuf_cottage, uniq_jessica, uniq_natasha
D:3:      vehumet_crystals, first_bread, uniq_terence, uniq_purgy
D:4:      minmay_ruptured, uniq_duvessa, uniq_menkaure

Skill      XL: |  1  2  3  4  5  6 |
---------------+-------------------+-----
Conjurations   | 2 3 4 5 |  5.8
Fire Magic     | 4 6 |  6.2
Dodging        | |  2.0
Stealth        | |  2.6
Spellcasting   | |  2.0

Action                   |  1- 3 |  4- 6 |  7- 9 || total
-------------------------+-------+-------+-------++-------
Melee: Short sword       |     9 |    18 |     1 ||    28
       Constrict         |     4 |     5 |       ||     9
       Unarmed           |     3 |       |       ||     3
       Tentacles         |     2 |     2 |     1 ||     5
 Cast: Flame Tongue      |    36 |    82 |    18 ||   136
       Sticky Flame      |       |     1 |     1 ||     2
       Conjure Flame     |       |     2 |       ||     2
  Use: Scroll            |       |     9 |       ||     9
 Stab: Distracted        |     1 |       |       ||     1
  Eat: Chunk             |       |     5 |       ||     5
       Royal jelly       |       |     2 |       ||     2
Armor: Skin              |     5 |     3 |       ||     8
Dodge: Dodged            |    12 |    18 |     4 ||    34
